 Dungeon Sprint DCSS version 0.17.1-3-g152610e (webtiles) character file.

23985 Elvalys the Ninja (level 12, 0/54 HPs)
             Began as a Spriggan Assassin on Apr 3, 2016.
             Was the Champion of Jiyva.
             Killed from afar by a fire giant (45 damage)
             ... with a fireball
             ... in the Dungeon (Sprint VII: "The Pits") on Apr 4, 2016.
             The game lasted 00:34:40 (1695 turns).

Elvalys the Ninja (Spriggan Assassin)               Turns: 1695, Time: 00:34:40

Health: 0/54       AC: 10    Str:  8    XL:     12   Next: 76%
Magic:  13/13      EV: 43    Int: 20    God:    Jiyva [******]
Gold:   12         SH:  0    Dex: 24    Spells: 0 memorised, 11 levels left

rFire  . . .     SeeInvis +     b - +0 blowgun
rCold  . . .     Clarity  .     c - +0 robe
rNeg   . . .     SustAt   .     (shield restricted)
rPois  +         Gourm    .     (helmet restricted)
rElec  +         Spirit   .     B - +1 cloak "Jamopluh" {+Fly MR+ Int+4}
rCorr  +         Warding  .     (gloves unavailable)
rMut   .         NoTele   +     (boots unavailable)
MR     ++++.                    (no amulet)
Stlth  ++++++++++               F - ring of protection from magic
                                v - +3 ring of dexterity

@: very quick, incredibly resistant to hostile enchantments, uncannily stealthy
A: unfitting armour, antennae 1, beak, talons 1, rough black scales 1, rugged
brown scales 1, see invisible, blink, clever 2, herbivore 3, speed 3, sense
surroundings 1, poison resistance, electricity resistance, slow metabolism 2,
spit poison 1, wild magic 2, gelatinous body 2, translucent skin 1, jelly
sensing items, jelly absorbing missiles
a: Spit Poison, Blink, Request Jelly, Jelly Paralyse, Slimify, Cure Bad
Mutation, Renounce Religion, Evoke Flight


You were in the Dungeon.
You worshipped Jiyva.
Jiyva was exalted by your worship.
You were completely stuffed.

You visited 1 branch You collected 12 gold pieces.

Inventory:

Hand Weapons
 b - a +0 blowgun (weapon)
 q - a +0 dagger of speed
 y - a +2 scimitar of holy wrath
 A - a +4 rapier of electrocution
Missiles
 e - 6 poisoned needles (quivered)
 f - 2 curare-tipped needles
Armour
 c - a +0 robe (worn)
 B - the +1 cloak "Jamopluh" (worn) {+Fly MR+ Int+4}
   (You found it in the Dungeon)

   It affects your intelligence (+4).
   It affects your resistance to hostile enchantments.
   It lets you fly.
Rods
 a - a +3 rod of shadows (11/11)
   (You found it in the Dungeon)
Jewellery
 r - the ring of Conuzy {Ice Str+4}
   (You found it in the Dungeon)

   [ring of ice]

   It enhances your ice magic, and weakens your fire magic.
   It affects your strength (+4).
   It makes you vulnerable to fire.
   It protects you from cold.
 v - a +3 ring of dexterity (left hand)
 w - a +3 ring of dexterity
 C - an uncursed ring of protection from fire
 F - a ring of protection from magic (right hand)
Scrolls
 m - 4 scrolls of blinking
 p - 6 scrolls of remove curse
 I - 3 scrolls of fear
Potions
 h - 10 potions of curing
 i - 5 potions of heal wounds
 j - 2 potions of haste
 k - 4 potions of magic
 l - 4 potions of berserk rage
 o - 2 potions of invisibility
 x - a potion of agility
 z - a potion of cure mutation
 E - 2 potions of might
 G - 3 potions of brilliance
Miscellaneous
 s - a crystal ball of energy
Comestibles
 g - 10 bread rations
 n - 40 fruits
 D - a slice of pizza


   Skills:
 - Level 1.5 Fighting
 * Level 18.1(18.5) Short Blades
 + Level 5.8(11.2) Long Blades
 - Level 2.0 Throwing
 + Level 24.1 Dodging
 O Level 27 Stealth


You had 11 spell levels left.
You didn't know any spells.

Dungeon Overview and Level Annotations

Branches:
Dungeon (1/1)

Altars:
Ashenzari
Cheibriados
Dithmenos
Elyvilon
Fedhas
Gozag
Kikubaaqudgha
Makhleb
Nemelex Xobeh
Okawaru
Qazlal
Ru
Sif Muna
Trog
Vehumet
Xom
Yredelemnul
Zin
The Shining One
Beogh
Jiyva
Lugonu


Innate Abilities, Weirdness & Mutations

You are tiny and cannot use many weapons and most armour.
You have supernaturally acute eyesight.
You are a herbivore.
You cover ground extremely quickly.
You need consume almost no food.
You have a pair of small antennae on your head.
You have a beak for a mouth.
You have sharp toenails.
You are partially covered in rough black scales (AC +4, Dex -1).
You are partially covered in rugged brown scales (AC +1, +3% HP).
You can translocate small distances at will.
Your mind is very acute. (Int +4)
You passively map a small area around you.
Your system is resistant to poisons.
You are resistant to electric shocks.
You can spit weak poison.
Your spells are harder to cast, but more powerful.
Your pliable body absorbs attacks (AC +1, EV +1).
Your skin is partially translucent (Stealth, -foe acc).
You have a small jelly attached to you that senses nearby items.
You have a small jelly attached to you that may absorb incoming projectiles.


Message History

The fire giant is lightly wounded.
Firing (i - inventory. (,) - cycle):
e - 7 poisoned needles (quivered)
Press: ? - help, Shift-Dir - straight line, f/p - fire giant
Aim: a fire giant, wielding a great sword of flaming (lightly wounded, poisoned)
You shoot a poisoned needle.
The poisoned needle hits the fire giant!
The fire giant looks even sicker.
The fire giant is lightly wounded.
The jelly hits the fire giant but does no damage.
The fire giant hits the jelly with a great sword of flaming!!
The fire giant burns the jelly.
The jelly dies!
You hear a slurping noise.
You feel a little less hungry.
You feel better.
The jelly hits the fire giant but does no damage.
The jelly hits the fire giant but does no damage.
The fire giant casts a spell at you.
The fireball explodes!
The fireball engulfs you!
Ouch! That really hurt!
You die...

* * * #..####
#############......
#__________##......
#__________########
#.#####'###########
#_#...'.'..##......
#_#...#.#.(##......
#######'#####......
#.@.....CJ..'......
#'#####'#####....C.
#.#...#.#..##......
#.#...#.#..#####'##
#.#...'J#..##.G....
#.##'####..##......
#.#.....#..##......
#.#.....#'###...<..
#.#........##......


You could see a fire giant and a neutral jelly (fellow slime).

Vanquished Creatures
  A death cob (D)
  A sphinx (D)
  2 greater nagas (D)
  A hydra (D)
  A death knight (D)
  An ogre mage (D)
  An alligator snapping turtle (D)
  A spriggan (D)
  An orc high priest (D)
  A soul eater (D)
  A deep troll (D)
  A wizard (D)
  A swamp dragon (D)
  2 sea snakes (D)
  2 lindwurms (D)
  An orc knight (D)
  2 orc sorcerers (D)
  A griffon (D)
  A manticore (D)
  2 molten gargoyles (D)
  A spiny frog (D)
  A gargoyle (D)
  A red devil (D)
  A guardian mummy (D)
  A polar bear (D)
  A wind drake (D)
  4 blink frogs (D)
  A ynoxinul (D)
  2 wraiths (D)
  2 yaks (D)
  A fire bat (D)
  An air elemental (D)
  2 vampire mosquitoes (D)
  Menkaure (D)
  A deep elf fighter (D)
  A steam dragon (D)
  An ice beast (D)
  A wolf (D)
  A swamp drake (D)
  2 orc warriors (D)
  A wasp (D)
  A phantom (D)
  An ogre (D)
  3 big kobolds (D)
  3 brain worms (D)
  An earth elemental (D)
  A hound (D)
  An iron imp (D)
  4 orc wizards (D)
  Terence (D)
  5 sheep (D)
  A gnoll (D)
  A white imp (D)
  An ufetubus (D)
  2 worms (D)
  2 orcs (D)
  A ball python (D)
  A giant cockroach (D)
  A hobgoblin (D)
  2 giant cockroach zombies (D)
  A giant newt (D)
  A quokka (D)
  A quokka zombie (D)
89 creatures vanquished.

Vanquished Creatures (collateral kills)
  A reaper (D)
  An eidolon (D)
  A dancing weapon (D)
  An orc knight (D)
  A hornet (D)
  An orange demon (D)
  A black mamba (D)
  An efreet (D)
  A guardian mummy (D)
  A vampire (D)
  A wasp (D)
  A sheep (D)
  A rat (D)
13 creatures vanquished.

Vanquished Creatures (others)
  A deep elf fighter (D)
  A warg (D)
  16 jellies (D)
  An ooze (D)
  A giant eyeball (D)
  A giant cockroach simulacrum (D)
21 creatures vanquished.

Grand Total: 123 creatures vanquished

Notes
Turn   | Place    | Note
--------------------------------------------------------------
     0 | D        | Elvalys the Spriggan Assassin began the quest for the Orb.
     0 | D        | Reached XP level 1. HP: 10/10 MP: 2/2
    10 | D        | Reached skill level 6 in Stealth
    29 | D        | Found a sacrificial altar of Ru.
    29 | D        | Found a basalt altar of Yredelemnul.
    29 | D        | Found a shadowy altar of Dithmenos.
    29 | D        | Found a deep blue altar of Sif Muna.
    29 | D        | Found a burning altar of Makhleb.
    29 | D        | Found a shimmering altar of Xom.
    29 | D        | Found an ancient bone altar of Kikubaaqudgha.
    29 | D        | Found a sparkling altar of Nemelex Xobeh.
    30 | D        | Found a glowing golden altar of the Shining One.
    30 | D        | Found a bloodstained altar of Trog.
    30 | D        | Found a shattered altar of Ashenzari.
    30 | D        | Found a white marble altar of Elyvilon.
    30 | D        | Found a snail-covered altar of Cheibriados.
    30 | D        | Found a blossoming altar of Fedhas.
    30 | D        | Found a radiant altar of Vehumet.
    30 | D        | Found a glowing silver altar of Zin.
    30 | D        | Found a corrupted altar of Lugonu.
    30 | D        | Found a viscous altar of Jiyva.
    30 | D        | Found a roughly hewn altar of Beogh.
    30 | D        | Found an iron altar of Okawaru.
    34 | D        | Found a stormy altar of Qazlal.
    35 | D        | Found an opulent altar of Gozag.
    37 | D        | Became a worshipper of Jiyva Juejilie the Shapeless
    48 | D        | Reached * piety under Jiyva
    49 | D        | Reached ** piety under Jiyva
    52 | D        | Noticed a brain worm
    52 | D        | Reached *** piety under Jiyva
    52 | D        | Gained mutation: Your skin is partially translucent (Stealth, -foe acc). [Jiyva's grace]
    54 | D        | Reached skill level 7 in Stealth
    55 | D        | Reached **** piety under Jiyva
    57 | D        | Gained mutation: Your body sometimes deteriorates upon taking damage. [Jiyva's grace]
    63 | D        | Reached ***** piety under Jiyva
    63 | D        | Gained mutation: You are surrounded by a mild repulsion field (EV +2). [Jiyva's grace]
    65 | D        | Gained mutation: Your mind is acute. (Int +2) [Jiyva's grace]
    68 | D        | Reached ****** piety under Jiyva
    68 | D        | Lost mutation: Your mind is acute. (Int +2) [Jiyva's grace]
    69 | D        | Lost mutation: Your body sometimes deteriorates upon taking damage. [Jiyva's grace]
    70 | D        | Killed a brain worm
    70 | D        | Reached skill level 12 in Stealth
    70 | D        | Reached XP level 2. HP: 14/14 MP: 3/3
    70 | D        | Reached XP level 3. HP: 18/18 MP: 4/4
    70 | D        | Gained mutation: You have a small jelly attached to you that may absorb incoming projectiles. [Jiyva's grace]
   101 | D        | Reached skill level 13 in Stealth
   101 | D        | Reached XP level 4. HP: 15/22 MP: 5/5
   111 | D        | Gained mutation: You are weak. (Str -2) [Jiyva's grace]
   127 | D        | Lost mutation: You are weak. (Str -2) [Jiyva's grace]
   171 | D        | Noticed a wolf
   172 | D        | Noticed Menkaure
   173 | D        | Noticed a big kobold
   174 | D        | Noticed a phantom
   174 | D        | Noticed a brain worm
   175 | D        | Noticed a big kobold
   176 | D        | Killed a wolf
   176 | D        | Reached skill level 16 in Stealth
   176 | D        | Reached XP level 5. HP: 23/25 MP: 6/6
   178 | D        | Killed a phantom
   178 | D        | Reached skill level 18 in Stealth
   180 | D        | Killed a big kobold
   180 | D        | Reached skill level 19 in Stealth
   180 | D        | Reached XP level 6. HP: 28/30 MP: 7/7
   184 | D        | Killed Menkaure
   184 | D        | Reached skill level 20 in Stealth
   186 | D        | Killed a brain worm
   186 | D        | Reached skill level 21 in Stealth
   186 | D        | Reached XP level 7. HP: 31/33 MP: 8/8
   196 | D        | Killed a big kobold
   236 | D        | Gained mutation: Your skin is mostly translucent (Stealth, -foe acc). [Jiyva's grace]
   237 | D        | Gained mutation: You are partially covered in rough black scales (AC +4, Dex -1). [Jiyva's grace]
   238 | D        | Lost mutation: You have a small jelly attached to you that may absorb incoming projectiles. [Jiyva's grace]
   239 | D        | Gained mutation: You are surrounded by a moderate repulsion field (EV +3). [Jiyva's grace]
   240 | D        | Noticed a warg
   241 | D        | Lost mutation: You are surrounded by a moderate repulsion field (EV +3). [Jiyva's grace]
   246 | D        | Killed a warg
   246 | D        | Reached skill level 22 in Stealth
   249 | D        | Noticed a deep elf fighter
   253 | D        | Killed a deep elf fighter
   256 | D        | Noticed a deep elf fighter
   256 | D        | Noticed Terence
   256 | D        | Noticed a big kobold
   256 | D        | Noticed a brain worm
   258 | D        | Killed a brain worm
   260 | D        | Killed a big kobold
   260 | D        | Reached skill level 23 in Stealth
   262 | D        | Killed Terence
   263 | D        | Killed a deep elf fighter
   263 | D        | Reached XP level 8. HP: 20/37 MP: 9/9
   272 | D        | Noticed a ynoxinul
   272 | D        | Noticed a manticore
   276 | D        | Killed a manticore
   276 | D        | Reached skill level 25 in Stealth
   278 | D        | Killed a ynoxinul
   368 | D        | Noticed a red devil
   370 | D        | Killed a red devil
   370 | D        | Reached skill level 26 in Stealth
   378 | D        | Noticed a greater naga
   378 | D        | Noticed a sea snake
   380 | D        | Killed a greater naga
   380 | D        | Reached skill level 27 in Stealth
   380 | D        | Reached XP level 9. HP: 33/41 MP: 10/10
   382 | D        | Killed a sea snake
   382 | D        | Reached skill level 5 in Short Blades
   387 | D        | Noticed a wraith
   415 | D        | Killed a wraith
   424 | D        | Noticed a steam dragon
   430 | D        | Killed a steam dragon
   430 | D        | Reached XP level 10. HP: 30/46 MP: 11/11
   440 | D        | Noticed a wizard
   443 | D        | Killed a wizard
   443 | D        | Reached skill level 1 in Long Blades
   443 | D        | Reached skill level 10 in Dodging
   447 | D        | Noticed a spiny frog
   447 | D        | Noticed an ice beast
   447 | D        | Noticed an efreet
   503 | D        | Killed a spiny frog
   523 | D        | Killed an ice beast
   532 | D        | Gained mutation: You have a pair of small horns on your head. [Jiyva's grace]
   558 | D        | Killed an efreet
   570 | D        | Noticed an orc knight
   570 | D        | Noticed an orc warrior
   570 | D        | Noticed an orc wizard
   570 | D        | Noticed a wraith
   572 | D        | Killed a wraith
   575 | D        | Killed an orc knight
   576 | D        | Killed an orc warrior
   577 | D        | Killed an orc wizard
   586 | D        | Noticed a swamp drake
   586 | D        | Noticed a lindwurm
   589 | D        | Killed a lindwurm
   589 | D        | Reached skill level 10 in Short Blades
   591 | D        | Killed a swamp drake
   594 | D        | Noticed a deep troll
   594 | D        | Noticed a fire bat
   596 | D        | Killed a fire bat
   600 | D        | Killed a deep troll
   602 | D        | Noticed a vampire mosquito
   602 | D        | Noticed a vampire mosquito
   602 | D        | Noticed a blink frog
   602 | D        | Noticed a blink frog
   602 | D        | Noticed a blink frog
   602 | D        | Noticed a blink frog
   604 | D        | Killed a blink frog
   632 | D        | Killed a vampire mosquito
   632 | D        | Reached skill level 15 in Dodging
   639 | D        | Killed a vampire mosquito
   645 | D        | Killed a blink frog
   648 | D        | Killed a blink frog
   648 | D        | Reached XP level 11. HP: 49/49 MP: 12/12
   653 | D        | Killed a blink frog
   695 | D        | Noticed a griffon
   696 | D        | Noticed a gargoyle
   696 | D        | Noticed an eidolon
   699 | D        | Killed a griffon
   701 | D        | Killed a gargoyle
   715 | D        | HP: 1/49 [eidolon (2)]
   717 | D        | Killed an eidolon
   722 | D        | Noticed a lindwurm
   722 | D        | Noticed an iron imp
   722 | D        | Noticed an orange demon
   723 | D        | Noticed a wasp
   723 | D        | Noticed an earth elemental
   724 | D        | Noticed a hornet
   724 | D        | Noticed a guardian mummy
   728 | D        | Noticed a guardian mummy
   728 | D        | Noticed a black mamba
   728 | D        | Killed a wasp
   730 | D        | Gained mutation: You have a small jelly attached to you that senses nearby items. [Jiyva's grace]
   731 | D        | Killed an orange demon
   733 | D        | Killed a black mamba
   740 | D        | Lost mutation: You have a pair of small horns on your head. [Jiyva's grace]
   770 | D        | Killed an iron imp
   813 | D        | Killed an earth elemental
   815 | D        | Noticed a sea snake
   829 | D        | Killed a sea snake
   851 | D        | Killed a lindwurm
   872 | D        | Killed a guardian mummy
   872 | D        | Noticed a soul eater
   894 | D        | Killed a guardian mummy
   899 | D        | Killed a hornet
   923 | D        | Got the +1 cloak "Jamopluh" {+Fly MR+ Int+4}
  1059 | D        | Gained mutation: You possess an exceptional clarity of mind. [Jiyva's grace]
  1059 | D        | Lost mutation: You possess an exceptional clarity of mind. [Jiyva's grace]
  1063 | D        | Lost mutation: You are partially covered in rough black scales (AC +4, Dex -1). [Jiyva's grace]
  1066 | D        | Gained mutation: You have a pair of small antennae on your head. [Jiyva's grace]
  1066 | D        | Gained mutation: Your spells are a little harder to cast, but a little more powerful. [Jiyva's grace]
  1118 | D        | Gained mutation: You are frail (-10% HP). [Jiyva's grace]
  1128 | D        | Noticed an orc wizard
  1129 | D        | Noticed an orc wizard
  1130 | D        | Killed an orc wizard
  1131 | D        | Noticed a molten gargoyle
  1131 | D        | Noticed an alligator snapping turtle
  1131 | D        | Noticed a spriggan rider
  1132 | D        | Killed an alligator snapping turtle
  1133 | D        | Killed an orc wizard
  1134 | D        | Noticed an orc high priest
  1135 | D        | Killed a molten gargoyle
  1136 | D        | Killed an orc high priest
  1137 | D        | Noticed a wind drake
  1137 | D        | Noticed a polar bear
  1138 | D        | Killed a spriggan rider
  1138 | D        | Killed a wasp
  1139 | D        | Killed a wind drake
  1141 | D        | Killed a polar bear
  1143 | D        | Noticed a sphinx
  1143 | D        | Noticed a greater naga
  1143 | D        | Noticed an ogre mage
  1144 | D        | Killed a sphinx
  1144 | D        | Reached skill level 15 in Short Blades
  1146 | D        | Noticed a vampire
  1146 | D        | Noticed a swamp dragon
  1147 | D        | Killed a greater naga
  1147 | D        | Reached skill level 5 in Long Blades
  1147 | D        | Reached XP level 12. HP: 47/47 MP: 13/13
  1148 | D        | Killed a swamp dragon
  1149 | D        | Noticed an orc sorcerer
  1150 | D        | Killed an ogre mage
  1152 | D        | Noticed a seven-headed hydra
  1178 | D        | Lost mutation: Your spells are a little harder to cast, but a little more powerful. [Jiyva's grace]
  1228 | D        | Lost mutation: You have a pair of small antennae on your head. [Jiyva's grace]
  1228 | D        | Lost mutation: You are frail (-10% HP). [Jiyva's grace]
  1230 | D        | Gained mutation: You passively map a small area around you. [Jiyva's grace]
  1230 | D        | Lost mutation: You passively map a small area around you. [Jiyva's grace]
  1240 | D        | Noticed a death cob
  1252 | D        | Killed a death cob
  1262 | D        | Killed a seven-headed hydra
  1269 | D        | Killed an orc sorcerer
  1272 | D        | Gained mutation: You have very sharp teeth. [Jiyva's grace]
  1272 | D        | Lost mutation: You are surrounded by a mild repulsion field (EV +2). [Jiyva's grace]
  1272 | D        | Gained mutation: Your mind is acute. (Int +2) [Jiyva's grace]
  1272 | D        | Gained mutation: Your muscles are strong. (Str +2) [Jiyva's grace]
  1274 | D        | Noticed a hound
  1274 | D        | Killed a vampire
  1277 | D        | Killed a hound
  1278 | D        | Lost mutation: Your muscles are strong. (Str +2) [Jiyva's grace]
  1280 | D        | Gained mutation: Your spells are a little harder to cast, but a little more powerful. [Jiyva's grace]
  1280 | D        | Gained mutation: Your spells are harder to cast, but more powerful. [Jiyva's grace]
  1284 | D        | Noticed an ogre
  1285 | D        | Noticed an orc warrior
  1287 | D        | Killed an ogre
  1291 | D        | Got the ring of Conuzy {Ice Str+4}
  1291 | D        | Gained mutation: You have a pair of small horns on your head. [Jiyva's grace]
  1293 | D        | Noticed an orc sorcerer
  1294 | D        | Noticed an orc knight
  1294 | D        | Killed an orc warrior
  1295 | D        | Noticed an orc wizard
  1295 | D        | Noticed a yak
  1297 | D        | Gained mutation: Your body sometimes deteriorates upon taking damage. [Jiyva's grace]
  1301 | D        | Killed an orc sorcerer
  1301 | D        | Gained mutation: You have acidic saliva. [Jiyva's grace]
  1307 | D        | Killed an orc wizard
  1307 | D        | Gained mutation: You are somewhat resistant to further mutation. [Jiyva's grace]
  1332 | D        | Killed an orc knight
  1340 | D        | Noticed a yak
  1343 | D        | Killed a yak
  1347 | D        | Killed a yak
  1348 | D        | Noticed a molten gargoyle
  1359 | D        | Killed a molten gargoyle
  1381 | D        | Gained mutation: You can translocate small distances at will. [Jiyva's grace]
  1381 | D        | Gained mutation: You have large cloven feet. [Jiyva's grace]
  1381 | D        | Gained mutation: You are partially covered in slimy green scales (AC +2). [Jiyva's grace]
  1383 | D        | Gained mutation: Armour fits poorly on your pseudopods. [Jiyva's grace]
  1383 | D        | Lost mutation: Armour fits poorly on your pseudopods. [Jiyva's grace]
  1383 | D        | Gained mutation: Your rubbery body absorbs attacks (AC +1). [Jiyva's grace]
  1385 | D        | Lost mutation: Your skin is mostly translucent (Stealth, -foe acc). [Jiyva's grace]
  1388 | D        | Lost mutation: You are somewhat resistant to further mutation. [Jiyva's grace]
  1388 | D        | Gained mutation: Armour fits poorly on your pseudopods. [Jiyva's grace]
  1388 | D        | Lost mutation: Your mind is acute. (Int +2) [Jiyva's grace]
  1390 | D        | Lost mutation: You have acidic saliva. [Jiyva's grace]
  1393 | D        | Lost mutation: Armour fits poorly on your pseudopods. [Jiyva's grace]
  1393 | D        | Lost mutation: Your body sometimes deteriorates upon taking damage. [Jiyva's grace]
  1393 | D        | Gained mutation: You are partially covered in rugged brown scales (AC +1, +3% HP). [Jiyva's grace]
  1394 | D        | Gained mutation: Your muscles are strong. (Str +2) [Jiyva's grace]
  1395 | D        | Lost mutation: You have large cloven feet. [Jiyva's grace]
  1396 | D        | Gained mutation: You are partially covered in rough black scales (AC +4, Dex -1). [Jiyva's grace]
  1396 | D        | Gained mutation: You are resistant to electric shocks. [Jiyva's grace]
  1396 | D        | Gained mutation: You passively map a small area around you. [Jiyva's grace]
  1399 | D        | Gained mutation: Your mind is acute. (Int +2) [Jiyva's grace]
  1401 | D        | Gained mutation: You have a small jelly attached to you that may absorb incoming projectiles. [Jiyva's grace]
  1401 | D        | Lost mutation: Your muscles are strong. (Str +2) [Jiyva's grace]
  1404 | D        | Lost mutation: You have a small jelly attached to you that senses nearby items. [Jiyva's grace]
  1413 | D        | Noticed a soul eater
  1413 | D        | Noticed a glaive of chopping
  1414 | D        | Noticed a fire giant
  1416 | D        | Noticed a vampire mage
  1420 | D        | Lost mutation: You have very sharp teeth. [Jiyva's grace]
  1420 | D        | Gained mutation: You have a beak for a mouth. [Jiyva's grace]
  1420 | D        | Gained mutation: Your pliable body absorbs attacks (AC +1, EV +1). [Jiyva's grace]
  1429 | D        | Gained mutation: Your spells are much harder to cast, but much more powerful. [Jiyva's grace]
  1430 | D        | Lost mutation: You are partially covered in slimy green scales (AC +2). [Jiyva's grace]
  1434 | D        | Killed a soul eater
  1439 | D        | Killed a glaive of chopping
  1446 | D        | Noticed a daeva
  1446 | D        | Noticed an air elemental
  1448 | D        | Noticed a death knight
  1493 | D        | Killed an air elemental
  1545 | D        | Killed a death knight
  1584 | D        | Lost mutation: You have a pair of small horns on your head. [Jiyva's grace]
  1592 | D        | Noticed a boulder beetle
  1592 | D        | Noticed an earth elemental
  1592 | D        | Noticed a manticore
  1593 | D        | Gained mutation: Your mind is very acute. (Int +4) [Jiyva's grace]
  1593 | D        | Gained mutation: Your system is resistant to poisons. [Jiyva's grace]
  1593 | D        | Gained mutation: You have a pair of small antennae on your head. [Jiyva's grace]
  1603 | D        | Noticed a reaper
  1603 | D        | Noticed a golden dragon
  1603 | D        | Noticed a hellephant
  1604 | D        | Noticed an ophan
  1604 | D        | Noticed a sphinx
  1604 | D        | Noticed a deep elf master archer
  1604 | D        | Noticed a deep elf master archer
  1604 | D        | Gained mutation: You have sharp toenails. [Jiyva's grace]
  1605 | D        | Noticed a sphinx
  1605 | D        | Noticed a purple draconian
  1605 | D        | Noticed a yellow draconian
  1605 | D        | Gained mutation: You have a small jelly attached to you that senses nearby items. [Jiyva's grace]
  1605 | D        | Gained mutation: You can spit weak poison. [Jiyva's grace]
  1609 | D        | Lost mutation: Your spells are much harder to cast, but much more powerful. [Jiyva's grace]
  1623 | D        | Killed a reaper
  1695 | D        | Killed from afar by a fire giant

Action                   |  1- 3 |  4- 6 |  7- 9 | 10-12 || total
-------------------------+-------+-------+-------+-------++-------
Melee: Dagger            |    27 |    10 |    27 |   104 ||   168
       Scimitar          |       |       |    14 |    46 ||    60
       Rapier            |       |       |       |   167 ||   167
 Fire: Blowgun           |       |       |       |     2 ||     2
Invok: Request Jelly     |       |       |       |     3 ||     3
  Use: Potion            |       |       |       |    14 ||    14
       Scroll            |       |       |       |     3 ||     3
 Stab: Sleeping          |     2 |     5 |    12 |    31 ||    50
       Paralysed         |       |     1 |       |       ||     1
       Distracted        |       |       |       |    12 ||    12
